Workbook

Sheet Debt Transparency Title Page
A13: SANTA ROSA INDEPENDENT SCHOOL DISTRICT
A14: DEBT TRANSPARENCY REPORT
A15: AS OF JUNE 30, 2020
A36: Santa Rosa Independent School District
A37: P.O. Box 368
A38: Santa Rosa, Texas 78593
A39: (956)636-9800
A40: cuevasm@srtx.org

Sheet Approved Bond Authorizations
A1: SANTA ROSA INDEPENDENT SCHOOL DISTRICT
A2: APPROVED BOND AUTHORIZATIONS BY VOTERS
A3: AS OF JUNE 30, 2020
I5: Authorization
G6: Total Authorization | I6: Per Capita | K6: Repayment
A7: Authorization | C7: Issued | E7: Unissued | G7: Amount | I7: (XXX,XXX) | J7: Purpose for which Debt Obligation was Authorized | K7: Source
A8: 3500000 | B8: $ | C8: 3500000 | D8: $ | E8: 0 | F8: $ | G8: =SUM(C8:E8) -> 3500000 | H8: $ | I8: =+G8/$E$36 -> 898.8187 | J8: Refunding of 2008 Unlimited Tax School Building Bond | K8: Debt Service
A9: 6400000 | C9: 6400000 | E9: 0 | G9: =SUM(C9:E9) -> 6400000 | I9: =+G9/$E$36 -> 1643.5542 | J9: Refunding of 2007 Unlimited Tax School Building Bond | K9: Debt Service
C10: 0 | E10: 0 | G10: =SUM(C10:E10) -> 0 | I10: =+G10/$E$36 -> 0
C11: 0 | E11: 0 | G11: =SUM(C11:E11) -> 0 | I11: =+G11/$E$36 -> 0
C12: 0 | E12: 0 | G12: =SUM(C12:E12) -> 0 | I12: =+G12/$E$36 -> 0
C13: 0 | E13: 0 | G13: =SUM(C13:E13) -> 0 | I13: =+G13/$E$36 -> 0
A14: Total | F14: $ | G14: =SUM(G8:G13) -> 9900000 | H14: $ | I14: =SUM(I8:I13) -> 2542.3729
A17: Other Information Per Government Code Section 140.008(b)(3):
A18: Repayment Source:
A19: (a) Debt Service Fund - accounts for the resources accumulated and payments made for principal and interest on long-term general obligation debt of governmental funds. The primary
A20: revenue source is local ad valorem property taxes levied specifically for debt service.
A21: (b) General Fund - accounts for revenues from local maintenance taxes (M&O), other local sources, foundation entitlements, and other Foundation School Program sources.
A23: Current credit rating given by any nationally recognized credit rating organization to debt obligations of the political subdivision:
E25: Permanent School | G25: Underlying
E26: Fund Rating | G26: Credit Rating
A27: Moody's Investors Service: | G27: N/R
A29: Standard & Poor's Rating Services: | E29: AAA | G29: N/R
A31: Fitch Ratings: | G31: N/R
A34: Per Capita Information:
A36: Per Capita | E36: 3894
A37: Year | E37: 2020
A38: Source | E38: Texas MAC

Sheet Combined Principal & Interest
A1: SANTA ROSA INDEPENDENT SCHOOL DISTRICT
A2: COMBINED PRINCIPAL AND INTEREST REQUIREMENT
A3: AS OF JUNE 30, 2020
J5: Total
D6: Principal | G6: Interest | J6: Requirements | M6: Outstanding
A7: Fiscal | D7: Value | G7: Through | J7: Through | M7: Debt Per Capita
A8: Year Ending | D8: At Maturity | G8: Maturity | J8: Maturity | M8: (XXX,XXX)
A9: 2038 | C9: $ | D9: 3310000 | F9: $ | G9: 1370000 | I9: $ | J9: =SUM(D9:G9) -> 4680000 | L9: $ | M9: =+J9/'Approved Bond Authorizations'!$E$36 -> 1201.849
A10: 2031 | D10: 5240000 | G10: 1170400 | J10: =SUM(D10:G10) -> 6410400 | M10: =+J10/'Approved Bond Authorizations'!$E$36 -> 1646.225
D11: 0 | G11: 0 | J11: =SUM(D11:G11) -> 0 | M11: =+J11/'Approved Bond Authorizations'!$E$36 -> 0
D12: 0 | G12: 0 | J12: =SUM(D12:G12) -> 0 | M12: =+J12/'Approved Bond Authorizations'!$E$36 -> 0
D13: 0 | G13: 0 | J13: =SUM(D13:G13) -> 0 | M13: =+J13/'Approved Bond Authorizations'!$E$36 -> 0
D14: 0 | G14: 0 | J14: =SUM(D14:G14) -> 0 | M14: =+J14/'Approved Bond Authorizations'!$E$36 -> 0
D15: 0 | G15: 0 | J15: =SUM(D15:G15) -> 0 | M15: =+J15/'Approved Bond Authorizations'!$E$36 -> 0
D16: 0 | G16: 0 | J16: =SUM(D16:G16) -> 0 | M16: =+J16/'Approved Bond Authorizations'!$E$36 -> 0
D17: 0 | G17: 0 | J17: =SUM(D17:G17) -> 0 | M17: =+J17/'Approved Bond Authorizations'!$E$36 -> 0
D18: 0 | G18: 0 | J18: =SUM(D18:G18) -> 0 | M18: =+J18/'Approved Bond Authorizations'!$E$36 -> 0
D19: 0 | G19: 0 | J19: =SUM(D19:G19) -> 0 | M19: =+J19/'Approved Bond Authorizations'!$E$36 -> 0
D20: 0 | G20: 0 | J20: =SUM(D20:G20) -> 0 | M20: =+J20/'Approved Bond Authorizations'!$E$36 -> 0
D21: 0 | G21: 0 | J21: =SUM(D21:G21) -> 0 | M21: =+J21/'Approved Bond Authorizations'!$E$36 -> 0
D22: 0 | G22: 0 | J22: =SUM(D22:G22) -> 0 | M22: =+J22/'Approved Bond Authorizations'!$E$36 -> 0
... D37: 0 | G37: 0 | J37: =SUM(D37:G37) -> 0 | M37: =+J37/'Approved Bond Authorizations'!$E$36 -> 0
A38: Totals | C38: $ | D38: =SUM(D9:D37) -> 8550000 | F38: $ | G38: =SUM(G9:G37) -> 2540400 | I38: $ | J38: =SUM(J9:J37) -> 11090400 | L38: $ | M38: =SUM(M9:M37) -> 2848.074

Sheet Bond Status
A1: SANTA ROSA INDEPENDENT SCHOOL DISTRICT
A2: BOND STATUS BY SERIES
A3: AS OF JUNE 30, 2020
C5: Total
C6: Proceeds
A7: Series | C7: Received | E7: Spent | G7: Unspent
C8: =+E8+G8 -> 0 | E8: 0 | G8: 0
C9: =SUM(E9:G9) -> 0 | E9: 0 | G9: 0
C10: =SUM(E10:G10) -> 0 | E10: 0 | G10: 0
C11: =SUM(E11:G11) -> 0 | E11: 0 | G11: 0
C12: =SUM(E12:G12) -> 0 | E12: 0 | G12: 0
C13: =SUM(E13:G13) -> 0 | E13: 0 | G13: 0
C14: =SUM(E14:G14) -> 0 | E14: 0 | G14: 0
C15: =SUM(E15:G15) -> 0 | E15: 0 | G15: 0
C16: =SUM(E16:G16) -> 0 | E16: 0 | G16: 0
C17: =SUM(E17:G17) -> 0 | E17: 0 | G17: 0
C18: =SUM(E18:G18) -> 0 | E18: 0 | G18: 0
C19: =SUM(E19:G19) -> 0 | E19: 0 | G19: 0
C20: =SUM(E20:G20) -> 0 | E20: 0 | G20: 0
... C27: =SUM(E27:G27) -> 0 | E27: 0 | G27: 0
A28: Totals | C28: =SUM(C8:C27) -> 0 | E28: =SUM(E8:E27) -> 0 | G28: =SUM(G8:G27) -> 0
A32: Note: Does not include refundings. Total of spent and unspent amounts may differ from original issue amounts due to premiums, discounts, and interest earned.

Sheet General Obligation Bonds
A1: SANTA ROSA INDEPENDENT SCHOOL DISTRICT
A2: GENERAL OBLIGATION BONDS AS OF JUNE 30, 2020
D5: Amounts | U5: Outstanding
D6: Original | F6: Maturity | I6: Beginning | R6: Ending | U6: Debt Per Capita
A7: Series | D7: Issue | F7: Date | I7: Balance | L7: Additions | O7: Reductions | R7: Balance | U7: XXX,XXX
A8: Series 2016 Refunding Bonds | C8: $ | D8: 3500000 | E8: =SUM(D8) -> 3500000 | F8: 50648 | H8: $ | I8: 3310000 | K8: $ | L8: 0 | N8: $ | O8: 0 | Q8: $ | R8: =SUM(I8+L8+O8) -> 3310000 | T8: $ | U8: =+R8/'Approved Bond Authorizations'!$E$36 -> 850.02568
A9: Series 2017 Refunding Bonds | D9: 6400000 | E9: =SUM(D9) -> 6400000 | F9: 48091 | I9: 5240000 | L9: 0 | O9: 0 | R9: =SUM(I9+L9+O9) -> 5240000 | U9: =+R9/'Approved Bond Authorizations'!$E$36 -> 1345.66
D10: 0 | E10: =SUM(D10) -> 0 | I10: 0 | L10: 0 | O10: 0 | R10: =SUM(I10+L10+O10) -> 0 | U10: =+R10/'Approved Bond Authorizations'!$E$36 -> 0
D11: 0 | E11: =SUM(D11) -> 0 | I11: 0 | L11: 0 | O11: 0 | R11: =SUM(I11+L11+O11) -> 0 | U11: =+R11/'Approved Bond Authorizations'!$E$36 -> 0
D12: 0 | E12: =SUM(D12) -> 0 | I12: 0 | L12: 0 | O12: 0 | R12: =SUM(I12+L12+O12) -> 0 | U12: =+R12/'Approved Bond Authorizations'!$E$36 -> 0
D13: 0 | E13: =SUM(D13) -> 0 | I13: 0 | L13: 0 | O13: 0 | R13: =SUM(I13+L13+O13) -> 0 | U13: =+R13/'Approved Bond Authorizations'!$E$36 -> 0
D14: 0 | E14: =SUM(D14) -> 0 | I14: 0 | L14: 0 | O14: 0 | R14: =SUM(I14+L14+O14) -> 0 | U14: =+R14/'Approved Bond Authorizations'!$E$36 -> 0
D15: 0 | E15: =SUM(D15) -> 0 | I15: 0 | L15: 0 | O15: 0 | R15: =SUM(I15+L15+O15) -> 0 | U15: =+R15/'Approved Bond Authorizations'!$E$36 -> 0
D16: 0 | E16: =SUM(D16) -> 0 | I16: 0 | L16: 0 | O16: 0 | R16: =SUM(I16+L16+O16) -> 0 | U16: =+R16/'Approved Bond Authorizations'!$E$36 -> 0
D17: 0 | E17: =SUM(D17) -> 0 | I17: 0 | L17: 0 | O17: 0 | R17: =SUM(I17+L17+O17) -> 0 | U17: =+R17/'Approved Bond Authorizations'!$E$36 -> 0
D18: 0 | E18: =SUM(D18) -> 0 | I18: 0 | L18: 0 | O18: 0 | R18: =SUM(I18+L18+O18) -> 0 | U18: =+R18/'Approved Bond Authorizations'!$E$36 -> 0
D19: 0 | E19: =SUM(D19) -> 0 | I19: 0 | L19: 0 | O19: 0 | R19: =SUM(I19+L19+O19) -> 0 | U19: =+R19/'Approved Bond Authorizations'!$E$36 -> 0
D20: 0 | E20: =SUM(D20) -> 0 | I20: 0 | L20: 0 | O20: 0 | R20: =SUM(I20+L20+O20) -> 0 | U20: =+R20/'Approved Bond Authorizations'!$E$36 -> 0
D21: 0 | E21: =SUM(D21) -> 0 | I21: 0 | L21: 0 | O21: 0 | R21: =SUM(I21+L21+O21) -> 0 | U21: =+R21/'Approved Bond Authorizations'!$E$36 -> 0
... D30: 0 | E30: =SUM(D30) -> 0 | I30: 0 | L30: 0 | O30: 0 | R30: =SUM(I30+L30+O30) -> 0 | U30: =+R30/'Approved Bond Authorizations'!$E$36 -> 0
A31: Totals | D31: =SUM(D8:D30) -> 9900000 | E31: =SUM(D31) -> 9900000 | H31: $ | I31: =SUM(I8:I30) -> 8550000 | K31: $ | L31: =SUM(L8:L30) -> 0 | N31: $ | O31: =SUM(O8:O30) -> 0 | Q31: $ | R31: =SUM(R8:R30) -> 8550000 | T31: $ | U31: =SUM(U8:U30) -> 2195.6857
